 Dungeon Crawl Stone Soup version 0.29-a0-550-g81e455f4c2 (webtiles) character file.

Game seed: 12750495552178670990

5270 Lekart the Agent of Entropy (level 10, 0/86 HPs)
             Began as a White Draconian Abyssal Knight on June 5, 2022.
             Was a Priest of Lugonu.
             Slain by an orc warrior
             ... wielding a +0 trident
              (10 damage)
             ... in a bailey.
             The game lasted 00:14:54 (8192 turns).

Lekart the Agent of Entropy (DrAK)                  Turns: 8192, Time: 00:14:54

Health: 0/86       AC: 11    Str: 15    XL:     10   Next: 36%
Magic:  18/18      EV: 13    Int: 12    God:    Lugonu [***...]
Gold:   368        SH:  0    Dex: 15    Spells: 7/9 levels left

rFire   . . .      SeeInvis .   a - +3 hand axe (spect)
rCold   + . .      Faith    .   (no shield)
rNeg    . . .      Spirit   .   (body armour unavailable)
rPois   .          Reflect  .   (helmet restricted)
rElec   .          Harm     .   g - +2 cloak
rCorr   .          Rampage  .   (no gloves)
Will    .....                   d - +0 pair of boots
Stlth   +.........              (no amulet)
HPRegen 0.24/turn               (no ring)
MPRegen 0.16/turn               (no ring)

@: short of breath
A: breathe frost, AC +7, unfitting armour, cold resistance 1, cold-blooded
a: Breathe Frost, Renounce Religion, Depart the Abyss, Bend Space, Banish


You were in a bailey.
You worshipped Lugonu.
Lugonu was most pleased with you.
You visited 1 branch of the dungeon, and saw 9 of its levels.
You visited the Abyss 1 time.
You also visited: Bailey.

You collected 368 gold pieces.

Inventory:

Hand Weapons
 a - a +3 spectral hand axe (weapon)
 k - a +4 dire flail of holy wrath
Missiles
 b - 2 silver javelins (quivered)
Armour
 d - a +0 pair of boots (worn)
 g - a +2 cloak (worn)
Jewellery
 c - a +6 ring of intelligence
 m - a +4 ring of evasion
 s - a +6 ring of intelligence
 t - an amulet of guardian spirit
Wands
 i - a wand of flame (43)
 o - a wand of paralysis (7)
 r - a wand of digging (13)
 v - a wand of polymorph (4)
Scrolls
 h - 2 scrolls of amnesia
 l - a scroll of fog
 w - a scroll of identify
Potions
 e - a potion of curing
 f - a potion of might {unknown}
 j - a potion of resistance
 p - a potion of flight
 q - 2 potions of cancellation
Miscellaneous
 n - a piece from Xom's chessboard (15/15)


   Skills:
 + Level 7.6 Fighting
 + Level 7.6 Axes
 + Level 4.2 Throwing
 + Level 3.3 Dodging
 * Level 11.7 Invocations
 + Level 1.2 Evocations


You had 7 spell levels left.
You knew the following spells:

 Your Spells              Type           Power      Damage    Failure   Level
a - Wereblood             Tmut           0%         N/A       45%         2

Your spell library contained the following spells:

 Spells                   Type           Power      Damage    Failure   Level
 Sublimation of Blood     Necr           0%         N/A       45%         2
 Leda's Liquefaction      Hex/Erth       0%         N/A       97%         4
 Alistair's Intoxication  Tmut/Pois      0%         N/A       100%        5
 Borgnjor's Vile Clutch   Necr/Erth      0%         N/A       100%        5
 Lee's Rapid Deconstruct  Erth           0%         3d5*      100%        5
 Eringya's Noxious Bog    Tmut/Pois      0%         N/A       100%        6
 Statue Form              Tmut/Erth      0%         N/A       100%        6
 Summon Hydra             Summ           0%         N/A       100%        7


Dungeon Overview and Level Annotations

Branches:
Dungeon (9/15)             Temple (0/1) D:5          Bailey (1/1)
   Lair: D:8-11         Orc: D:9-12

Altars:
Ashenzari
Fedhas
Gozag
Okawaru
Vehumet
The Shining One

Shops:
D:5 =

Annotations:
D:7 3 runed translucent doors, Malachi's ghost, novice DsBe
Abyss:1 Prince Ribbit


Innate Abilities, Weirdness & Mutations

You can breathe waves of freezing cold which knock back foes.
Your icy white scales are hard. (AC +7)
You cannot fit into any form of body armour.
Your flesh is cold resistant. (rC+)
You are cold-blooded and may be slowed by cold attacks.


Message History

Press: ? - help, Shift-Dir - straight line, f/p - orc warrior
Aim: an orc warrior, wielding a +0 spear and wearing a +0 plate armour (severely wounded, chance to affect: 51%)
The orc warrior suddenly stops moving!
You enter the shallow water.
Moving in this stuff is going to be slow.
You start resting.
An orc warrior is nearby!
Found 16 gold pieces.
You have got your breath back.
You enter the shallow water.
Moving in this stuff is going to be slow.
Things that are here:
a +0 trident; a +0 ring mail You enter the shallow water.
Moving in this stuff is going to be slow.
You start resting.
An orc warrior is nearby!
Okay, then.
Aiming: Throw Flame
Press: ? - help, Shift-Dir - straight line, f - orc warrior
Aim: an orc warrior, wielding a +0 trident and wearing a +0 scale mail (heavily wounded, 60% to hit)
The puff of flame hits the orc warrior.
The orc warrior is severely wounded.
Aiming: Throw Flame
Press: ? - help, Shift-Dir - straight line, f/p - orc warrior
Aim: an orc warrior, wielding a +0 trident and wearing a +0 scale mail (severely wounded, 60% to hit)
The puff of flame misses the orc warrior.
Aiming: Throw Flame
Press: ? - help, Shift-Dir - straight line, f/p - orc warrior
Aim: an orc warrior, wielding a +0 trident and wearing a +0 scale mail (severely wounded, 60% to hit)
The puff of flame misses the orc warrior.
The orc warrior hits you from afar with a +0 trident!
* * * LOW HITPOINT WARNING * * *
Aiming: Breathe Frost (3% risk of failure)
Press: ? - help, Shift-Dir - straight line, f/p - orc warrior
Aim: an orc warrior, wielding a +0 trident and wearing a +0 scale mail (severely wounded, 60% to hit)
You exhale a wave of freezing cold.
The freezing breath misses the orc warrior.
The orc warrior hits you from afar with a +0 trident!
You die...

#∩.≈≈..#+# ..⌠..§≈
##.≈≈..# .⌠∩⌠.§.
#§§≈..## ...oo§≈
#.§..## ≈§§≈o #§§.##
§..
#.≈)#############+###'
#.≈.o).......##.....##
#.≈≈§≈≈≈≈≈≈≈..##.∩.##.
#....@.....≈≈..## ##..
##########..≈≈.)###..≈
##..≈≈.....≈≈
##..≈≈≈≈≈≈≈.
##......... ##########


You could see an orc warrior.

Vanquished Creatures
  Eustachio (D:5)
  5 yaks
  Edmund (D:5)
  2 water moccasins
  A sky beast (D:7)
  2 orc warriors
  3 ice beasts
  An ogre (D:5)
  3 black bears
  A centaur (D:7)
  A phantom (D:5)
  A bullfrog (D:7)
  9 wights
  5 howler monkeys
  A hound (D:5)
  2 orc priests
  Ijyb (D:5)
  An iguana (D:4)
  Natasha (thrice) (D:3)
  2 orc wizards
  3 gnolls (D:9)
  4 adders
  2 white imps
  4 dart slugs
  33 orcs
  3 ball pythons
  6 endoplasms
  4 giant cockroaches
  7 goblins
  6 hobgoblins
  4 jackals (D:1)
  5 kobolds
  2 quokkas (D:1)
  8 bats
  2 frilled lizards
  6 rats
145 creatures vanquished.

Vanquished Creatures (collateral kills)
  A gnoll sergeant (D:9)
  A gnoll (D:9)
  2 orcs (D:9)
  3 goblins (D:9)
7 creatures vanquished.

Grand Total: 152 creatures vanquished

Notes
Turn   | Place    | Note
-------+----------+-------------------------------------------
     0 | Abyss:1  | Lekart the Draconian Abyssal Knight began the quest for the
                  | Orb.
     0 | Abyss:1  | Reached XP level 1. HP: 19/19 MP: 2/2
    11 | D:1      | Escaped the Abyss
   304 | D:1      | Reached XP level 2. HP: 18/26 MP: 3/3
   429 | D:1      | Found a faded altar of an unknown god.
   920 | D:1      | Reached skill level 3 in Invocations
   923 | D:1      | Reached XP level 3. HP: 24/31 MP: 5/5
  1130 | D:1      | Reached *** piety under Lugonu
  1733 | D:3      | Noticed Natasha
  1738 | D:3      | Killed Natasha
  1739 | D:3      | Reached XP level 4. HP: 40/40 MP: 6/6
  1741 | D:3      | Noticed Natasha
  1744 | D:3      | Killed Natasha
  1827 | D:3      | Found a radiant altar of Vehumet.
  1855 | D:3      | Reached skill level 1 in Throwing
  1964 | D:3      | Noticed Natasha
  1969 | D:3      | Killed Natasha
  1970 | D:3      | Reached skill level 4 in Invocations
  1970 | D:3      | Reached XP level 5. HP: 43/46 MP: 6/8
  3196 | D:4      | Noticed an ice beast
  3200 | D:4      | Killed an ice beast
  3201 | D:4      | Reached XP level 6. HP: 47/53 MP: 9/9
  3298 | D:5      | Entered Level 5 of the Dungeon
  3302 | D:5      | Noticed Ijyb
  3309 | D:5      | Paralysed by Ijyb for 4 turns
  3316 | D:5      | Killed Ijyb
  3317 | D:5      | Reached skill level 5 in Invocations
  3397 | D:5      | HP: 2/53 [ogre/+0 giant spiked club (35)]
  3597 | D:5      | Reached skill level 5 in Fighting
  3597 | D:5      | Your scales start taking on an icy white colour.
  3597 | D:5      | Reached XP level 7. HP: 39/61 MP: 11/11
  3597 | D:5      | Gained mutation: Your flesh is cold resistant. (rC+) [White
                  | Draconian growth]
  3624 | D:5      | Noticed Edmund
  3635 | D:5      | HP: 1/61 [Edmund/+4 dire flail of holy wrath (15)]
  3638 | D:5      | Killed Edmund
  3639 | D:5      | Reached skill level 6 in Invocations
  3972 | D:5      | Found a glowing golden altar of the Shining One.
  4014 | D:5      | Found a blossoming altar of Fedhas.
  4038 | D:5      | Found Seant's Jewellery Emporium.
  4137 | D:5      | Noticed Eustachio
  4161 | D:5      | Killed Eustachio
  4162 | D:5      | Reached XP level 8. HP: 29/69 MP: 11/13
  4495 | D:5      | Found a staircase to the Ecumenical Temple.
  4629 | D:6      | Reached skill level 7 in Invocations
  4685 | D:6      | Noticed a two-headed ogre
  4916 | D:7      | Reached skill level 5 in Axes
  5003 | D:7      | Learned a level 2 spell: Wereblood
  5039 | D:7      | HP: 1/70 [yak (11)]
  5043 | D:7      | Reached **** piety under Lugonu
  5044 | D:7      | Reached skill level 8 in Invocations
  5050 | D:7      | Reached XP level 9. HP: 11/78 MP: 1/15
  5369 | D:7      | Reached skill level 9 in Invocations
  5643 | D:7      | Found a runed translucent gate.
  5643 | D:7      | Found a runed translucent gate.
  5643 | D:7      | Found a runed translucent gate.
  5644 | D:7      | Found an opulent altar of Gozag.
  5697 | D:7      | Noticed Malachi's ghost (novice DsBe)
  5697 | D:7      | Noticed a gargoyle
  6449 | D:8      | Reached skill level 1 in Evocations
  6453 | D:8      | Reached skill level 10 in Invocations
  6651 | D:8      | Found an iron altar of Okawaru.
  6655 | D:8      | Noticed Prince Ribbit
  6773 | D:8      | Banished Prince Ribbit
  7137 | D:8      | Found a broken altar of Ashenzari.
  7141 | D:8      | Saw a vision of the Shoals and the Snake Pit.
  7141 | D:8      | Noticed a black mamba
  7141 | D:8      | Noticed a naga warrior
  7141 | D:8      | Noticed a naga ritualist
  7141 | D:8      | Noticed a black mamba
  7141 | D:8      | Noticed a salamander
  7141 | D:8      | Noticed a naga warrior
  7141 | D:8      | Noticed a naga sharpshooter
  7141 | D:8      | Noticed a salamander
  7141 | D:8      | Noticed a black mamba
  7141 | D:8      | Noticed a merfolk
  7141 | D:8      | Noticed a merfolk
  7141 | D:8      | Noticed a merfolk siren
  7141 | D:8      | Noticed a merfolk
  7141 | D:8      | Noticed a sea snake
  7141 | D:8      | Noticed a sea snake
  7141 | D:8      | Noticed a merfolk
  7309 | D:9      | Reached skill level 11 in Invocations
  7309 | D:9      | Reached XP level 10. HP: 36/86 MP: 18/18
  7352 | D:9      | Found a flagged portal.
  7381 | Bailey   | Entered a bailey
  7390 | Bailey   | HP: 3/86 [orc warrior/+0 glaive (16)]
  8101 | Bailey   | Noticed an orc knight
  8101 | Bailey   | Noticed an orc knight
  8124 | Bailey   | Banished an orc knight
  8192 | Bailey   | Slain by an orc warrior

Illustrated notes

Levels and vault maps discovered:
D:1:      wander_arrival_desolate, layout_loops_ring,
          ebering_ecumenical_altar_box
D:2:      layout_rooms
D:3:      layout_basic, fiery_altar_vehumet, uniq_natasha
D:4:      layout_basic, nrook_campfire
D:5:      layout_rooms, nicolae_tso_carved_into_rock,
          mainiacjoe_overflow_six_doors_small, minmay_temple_entry_antechambers,
          serial_shops, shop, enter_ossuary_5, hellmonk_bongcloud_opening,
          kennysheep_generic_room_11, uniq_ijyb, uniq_edmund, uniq_eustachio
D:6:      layout_gridville, serial_shops, shop, portal_sewer_entry_b
D:7:      layout_layer_cave, ebering_ghost_gozag
D:8:      layout_cave_pools, mainiacjoe_overflow_concentric_impassable,
          grunt_ashenzari_visionary [grunt_ashenzari_visionary_shoals,
          grunt_ashenzari_visionary_snake], uniq_prince_ribbit1
D:9:      layout_basic, mainiacjoe_overflow_alcove_2, trog_three_pillars_becter,
          enter_bailey_4, minmay_misc_feat_cross
Bailey:   bailey_polearm_1, bailey

Skill      XL: |  1  2  3  4  5  6  7  8  9 |
---------------+----------------------------+-----
Invocations    | 3 4 5 6 8 11 | 11.7
Fighting       | 4 5 6 7 |  7.6
Throwing       | 1 2 3 4 |  4.2
Axes           | 3 4 5 7 |  7.6
Evocations     | 1 |  1.2
Dodging        | 3 |  3.3

Action                   |  1- 3 |  4- 6 |  7- 9 | 10-12 || total
-------------------------+-------+-------+-------+-------++-------
Melee: Hand axe          |   105 |    73 |   152 |    53 ||   383
       Tailslap          |    11 |    10 |    25 |     9 ||    55
       Punch             |       |       |     3 |     2 ||     5
Throw: Javelin           |       |     4 |     4 |       ||     8
Invok: Banish            |       |     2 |     6 |     7 ||    15
       Bend Space        |       |       |     1 |       ||     1
 Abil: Breathe Frost     |       |       |     5 |     4 ||     9
Evoke: Piece from Xom's  |       |     8 |     1 |       ||     9
       Wand              |       |     1 |     1 |    18 ||    20
  Use: Scroll            |     7 |     3 |    10 |     1 ||    21
       Potion            |       |     3 |     5 |     1 ||     9
 Stab: Sleeping          |       |     2 |       |       ||     2
       Paralysed         |       |     2 |       |       ||     2
       Distracted        |       |       |     1 |       ||     1
Armor: Skin              |    40 |    20 |    49 |    24 ||   133
Dodge: Dodged            |    54 |    34 |    74 |    67 ||   229

Table legend: (Time is in decaauts)
 A = Elapsed time spent in this place.
 B = Non-inter-level travel time spent in this place.
 C = Inter-level travel time spent in this place.
 D = Time resting spent in this place.
 E = Time spent auto-exploring this place.
 F = Levels seen in this place.
 G = Mean time per level.
                   A        B        C        D        E       F      G
               +--------+--------+--------+--------+--------+-----+--------+
         Total |   8261 |   8088 |    173 |   1117 |   5597 |  11 |  751.0 |
       Dungeon |   7418 |   7245 |    173 |    614 |   5502 |   9 |  824.2 |
         Abyss |     11 |     11 |      0 |      0 |      5 |   1 |   11.0 |
        Bailey |    831 |    831 |      0 |    503 |     90 |   1 |  831.0 |
               +--------+--------+--------+--------+--------+-----+--------+

Top non-repeatable levels by time:
     D:7: 1754 daAuts
     D:5: 1327 daAuts
     D:1: 1289 daAuts
     D:4: 989 daAuts
     D:8: 836 daAuts
  Bailey: 831 daAuts
     D:3: 602 daAuts
     D:2: 444 daAuts
     D:9: 105 daAuts
     D:6: 69 daAuts
 Abyss:1: 11 daAuts
